AoeStats
← Katovincere

Pilgrims

510100427Analyzed
2v2 RM · 2d ago on Sep 29, 2026· 50m 26s· 4 players
Game mode
Random Map
Map size
Medium (4 player)
Population
200
Speed
Normal
Resources
Standard
Victory
Conquest
Starting age
Dark Age
Ending age
Imperial Age
RankedLock teamsTeams togetherTeam positionsShared explorationLock speedFull tech treeHidden civsTurbo modeCheats
Victory
Defeat
🇧🇪 Burgundians · Belgium
1081
+17
🇫🇷 Romans · France
1081
+17
🇨🇳 Huns · China
1108
-17
🇨🇳 Malay · China
1102
-17
roms1998
6:38 Double-Bit Axe
6:49 Loom
7:21 Fishing Lines
12:59 Feudal Age
12:59 Horse Collar
13:38 Gillnets
14:01 Bow Saw
13:54 Heavy Plow
15:29 Stone Mining
15:32 Gold Mining
17:53 Castle Age
16:35 Forging
18:10 Scale Barding Armor
18:05 Light Cavalry
19:40 Wheelbarrow
20:09 Two-Man Saw
19:42 Crop Rotation
20:05 Iron Casting
21:03 Chain Barding Armor
22:39 Husbandry
24:00 Guard Tower
26:23 Ballistics
26:23 Hand Cart
26:41 Treadmill Crane
29:10 Town Watch
29:23 Murder Holes
30:21 Town Patrol
34:01 Burgundian Vineyards
35:01 Gold Shaft Mining
35:02 Stone Shaft Mining
34:27 Fletching
38:08 Imperial Age
39:12 Conscription
38:27 Elite Coustillier
40:52 Blast Furnace
40:59 Plate Barding Armor
49:51 Medium Warships
50:48 Chemistry
49:59 Careening
49:59 Clinker Construction
50:00 Masonry
50:58 Heavy Warships
50:31 Flemish Revolution
Lü Bu
12:18 Feudal Age
12:56 Loom
13:48 Wheelbarrow
13:00 Double-Bit Axe
13:17 Fishing Lines
15:16 Horse Collar
18:04 Town Watch
22:03 Castle Age
20:33 Gold Mining
20:57 Man-at-Arms
21:51 Stone Mining
23:33 Town Patrol
23:49 Hand Cart
23:54 Bow Saw
24:21 Gold Shaft Mining
25:16 Long Swordsman
26:08 Forging
26:01 Scale Mail Armor
32:17 Murder Holes
36:28 Imperial Age
36:39 Legionary
37:46 Conscription
37:49 Comitatenses
37:53 Heavy Plow
39:05 Chain Mail Armor
39:25 Iron Casting
50:03 Medium Warships
49:15 Demolition Ship
将恋情折成回忆
7:51 Loom
11:55 Feudal Age
12:31 Double-Bit Axe
14:07 Gold Mining
20:33 Castle Age
19:10 Stone Mining
21:49 Bow Saw
30:53 Fletching
35:03 Imperial Age
33:23 Bodkin Arrow
34:35 Wheelbarrow
33:48 Horse Collar
34:55 Padded Archer Armor
34:58 Husbandry
36:14 Hand Cart
36:21 Bracer
42:42 Light Cavalry
43:32 Bloodlines
43:31 Hussar
44:38 Scale Barding Armor
44:44 Forging
Katovincere
11:06 Feudal Age
11:13 Double-Bit Axe
13:28 Fishing Lines
18:31 Castle Age
16:53 Fletching
18:29 Bow Saw
20:01 Medium Warships
19:42 Gillnets
19:28 Pikeman
21:56 Loom
23:54 Stone Mining
24:46 Squires
26:38 Wheelbarrow
27:24 Forging
29:23 Thalassocracy
29:22 Bodkin Arrow
32:00 Iron Casting
34:16 Hand Cart
38:01 Imperial Age
36:16 Gold Mining
37:14 Padded Archer Armor
38:07 Heavy Warships
37:49 Bracer
37:50 Crossbowman
42:48 Chemistry
45:37 Siege Engineers
Connection lost

Rejoining the realm…

Still unreachable

The connection could not be restored.

Session expired

The server has moved on; the page needs a fresh start.